[Event "ICC tourney 2772 (25 5)"]
[Site "Internet Chess Club"]
[Date "2021.12.19"]
[Round "3"]
[White "SINGH, JIYAN:mithu542"]
[Black "KUCHIBHATLA, ARNAV:ArnavTheGreat"]
[Result "1-0"]
[ICCResult "Black resigns"]
[WhiteElo "652"]
[BlackElo "866"]
[Opening "Giuoco Piano"]
[ECO "C53"]
[NIC "IG.02"]
[Time "14:00:33"]
[PlyCount "51"]
[TimeControl "1500+5"]

1. e4 e5 2. Nf3 Nc6 3. Bc4 Bc5 4. c3 d6 5. d4 exd4 6. cxd4 Bb4+ 7. Nc3 Bxc3+
8. bxc3 Nf6 9. Bd3 Bd7 10. O-O O-O 11. Bg5 Re8 12. Re1 h6 13. Bh4 Bg4 14. h3
Bh5 15. Bb5 a6 16. Ba4 b5 17. Bb3 a5 18. Qd3 a4 19. Bd1 Rb8 20. Qc2 Bxf3 21.
Bxf3 g5 22. Bg3 b4 23. e5 bxc3 24. Bxc6 dxe5 25. Bxe8 Qxe8 26. Bxe5
{Black resigns}
1-0

[Event "ICC tourney 2772 (25 5)"]
[Site "Internet Chess Club"]
[Date "2021.12.19"]
[Round "3"]
[White "Gomorev, Tim:timmygm"]
[Black "ALKIN, IDO:alkini"]
[Result "1-0"]
[ICCResult "Black resigns"]
[WhiteElo "801"]
[BlackElo "989"]
[Opening "Ruy Lopez: Berlin defense"]
[ECO "C65"]
[NIC "RL.07"]
[Time "14:00:46"]
[PlyCount "129"]
[TimeControl "1500+5"]

1. e4 e5 2. Nf3 Nc6 3. Bb5 Nf6 4. d3 d6 5. h3 Bd7 6. O-O Be7 7. Bg5 h6 8.
Bh4 Nh5 9. Bxe7 Qxe7 10. Nc3 Nf4 11. Bc4 Nd4 12. Nxd4 exd4 13. Nd5 Nxd5 14.
exd5 O-O-O 15. Re1 Qg5 16. Qf3 c6 17. dxc6 Bxc6 18. Qg4+ Qxg4 19. hxg4 d5
20. Bb3 a5 21. a4 Rhe8 22. f4 Re3 23. Kf2 Rde8 24. Rxe3 dxe3+ 25. Ke2 f6 26.
Re1 d4 27. g3 g5 28. f5 Rh8 29. c3 dxc3 30. bxc3 Re8 31. Be6+ Bd7 32. Bxd7+
Kxd7 33. Kf3 Kc6 34. Rxe3 Rxe3+ 35. Kxe3 b5 36. Kd2 bxa4 37. c4 Kc5 38. Kc3
Kd6 39. Kb2 Kc5 40. Ka3 Kd4 41. Kxa4 Kxd3 42. c5 Ke3 43. c6 Kf3 44. c7 Kxg3
45. c8=Q Kxg4 46. Kxa5 h5 47. Qf8 Kxf5 48. Qc5+ Kg4 49. Qg1+ Kf4 50. Kb4 g4
51. Kc3 h4 52. Qh2+ Kg5 53. Kd2 f5 54. Ke3 h3 55. Qg3 Kh5 56. Kf4 Kg6 57.
Qh4 h2 58. Qxh2 g3 59. Qxg3+ Kf6 60. Qg5+ Kf7 61. Qxf5+ Kg8 62. Qd7 Kh8 63.
Qe7 Kg8 64. Kg5 Kh8 65. Kg6 {Black resigns} 1-0

[Event "ICC tourney 2772 (25 5)"]
[Site "Internet Chess Club"]
[Date "2021.12.19"]
[Round "3"]
[White "Xu, Kevin:kevin66666666"]
[Black "Bapuram, Aadya:AadyaB"]
[Result "1-0"]
[ICCResult "Black checkmated"]
[WhiteElo "565"]
[BlackElo "345"]
[Opening "Four knights: Spanish variation"]
[ECO "C48"]
[NIC "KP.03"]
[Time "14:00:53"]
[PlyCount "63"]
[TimeControl "1500+5"]

1. e4 e5 2. Nf3 Nc6 3. Nc3 Nf6 4. Bb5 d6 5. d3 a6 6. Ba4 h6 7. O-O Bg4 8. h3
Be6 9. Be3 d5 10. Bb3 d4 11. Bd2 dxc3 12. Bxc3 h5 13. Bxe6 fxe6 14. Re1 Nb4
15. Nxe5 Qe7 16. Ng6 Qf7 17. Nxh8 Qg8 18. Ng6 O-O-O 19. Bxb4 Bxb4 20. a3 Qf7
21. Ne5 Qe7 22. axb4 Qxb4 23. Ra2 Qc5 24. Nc4 Nxe4 25. Rxe4 Qd5 26. Re5 Qd7
27. Rc5 g6 28. Nb6+ Kb8 29. Nxd7+ Rxd7 30. Qf3 b6 31. Rxa6 bxc5 32. Qa8#
{Black checkmated}
1-0

[Event "ICC tourney 2772 (25 5)"]
[Site "Internet Chess Club"]
[Date "2021.12.19"]
[Round "3"]
[White "FROOM, JARED MICHAEL:littleprince428"]
[Black "ORSZAG, JAKE SPENCER:JakeOrszag"]
[Result "0-1"]
[ICCResult "White checkmated"]
[WhiteElo "617"]
[BlackElo "397"]
[Opening "two knights defense: Fegatello attack"]
[ECO "C57"]
[NIC "KP.01"]
[Time "14:00:15"]
[PlyCount "76"]
[TimeControl "1500+5"]

1. e4 e5 2. Nf3 Nc6 3. Bc4 Nf6 4. Ng5 d5 5. exd5 Nxd5 6. Nxf7 Kxf7 7. Qf3+
Qf6 8. Qxd5+ Be6 9. Qe4 Bxc4 10. Qxc4+ Qe6 11. Qd3 Rd8 12. Qe4 Rd4 13. Qe3
Nb4 14. Kd1 Qg4+ 15. Qf3+ Qxf3+ 16. gxf3 Rf4 17. d3 Rxf3 18. Nc3 Rxf2 19.
Be3 Rf3 20. Bxa7 Bd6 21. a3 Nc6 22. Ne4 Ke8 23. Bg1 Rf1+ 24. Kd2 Rxa1 25.
Ng5 Rf8 26. Ne6 Rff1 27. Ke2 Rae1+ 28. Kd2 Rd1+ 29. Ke2 Rfe1+ 30. Kf2 Bc5+
31. Kg2 Bxg1 32. Nxc7+ Kd7 33. Nd5 Ke6 34. Nb6 Rd2+ 35. Kg3 Re3+ 36. Kg4
Rg2+ 37. Kh4 Bf2+ 38. Kh5 Rh3# {White checkmated} 0-1

[Event "ICC tourney 2772 (25 5)"]
[Site "Internet Chess Club"]
[Date "2021.12.19"]
[Round "3"]
[White "WEI, STANLEY:K05-17311215"]
[Black "CHADHA, MILAN DEV:MilanChadha"]
[Result "0-1"]
[ICCResult "White resigns"]
[WhiteElo "495"]
[BlackElo "564"]
[Opening "Ruy Lopez: Möller defense"]
[ECO "C64"]
[NIC "RL.01"]
[Time "14:00:12"]
[PlyCount "76"]
[TimeControl "1500+5"]

1. e4 e5 2. Nf3 Nc6 3. Bb5 Bc5 4. O-O a6 5. Ba4 Nf6 6. Re1 O-O 7. c3 d6 8.
d4 exd4 9. cxd4 Bb6 10. d5 Ne5 11. Nxe5 dxe5 12. Nc3 Bd7 13. Bb3 c6 14. d6
Ne8 15. Be3 Bxe3 16. Rxe3 Qf6 17. Rf3 Qxd6 18. Qc2 Nf6 19. Rd3 Qc7 20. Re1
Rad8 21. Qc1 Bg4 22. Bd1 Rxd3 23. Bc2 Rd6 24. a3 Rfd8 25. b4 R8d7 26. a4 Qd8
27. b5 cxb5 28. axb5 axb5 29. Nxb5 Rb6 30. Ba4 Rd1 31. Bxd1 Rxb5 32. Ba4 Rb4
33. Qc3 Rxa4 34. Qb3 Rxe4 35. Rc1 Rd4 36. h3 Rd1+ 37. Rxd1 Qxd1+ 38. Qxd1
Bxd1 {White resigns} 0-1

[Event "ICC tourney 2772 (25 5)"]
[Site "Internet Chess Club"]
[Date "2021.12.19"]
[Round "3"]
[White "HECHT, HENRY:Henhec1001"]
[Black "VIJEYANANDH, VISHNU:vishnuvijey"]
[Result "0-1"]
[ICCResult "White resigns"]
[WhiteElo "988"]
[BlackElo "393"]
[Opening "English opening"]
[ECO "A10"]
[NIC "EO.64"]
[Time "14:00:25"]
[PlyCount "72"]
[TimeControl "1500+5"]

1. c4 d5 2. cxd5 Qxd5 3. Nc3 Qd8 4. d4 Nf6 5. e4 e5 6. Nf3 exd4 7. Nxd4 Bc5
8. Be3 Qe7 9. Bd3 O-O 10. O-O Ng4 11. Nf5 Bxf5 12. Bxc5 Qe5 13. g3 Qxc5 14.
exf5 Nf6 15. Ne4 Qxf5 16. Nd6 Qd5 17. Nb5 Na6 18. Nc3 Qc6 19. a3 Nc5 20. Bc2
Rad8 21. Qe2 h6 22. Qc4 Qb6 23. b4 Ne6 24. Rad1 Nd4 25. Be4 Nxe4 26. Nxe4
Rfe8 27. Nc5 Nf3+ 28. Kg2 Nd2 29. Rxd2 Rxd2 30. Ne4 Rd4 31. Nf6+ gxf6 32.
Qc1 Qc6+ 33. Qxc6 bxc6 34. Rc1 Re6 35. Rc5 Rd5 36. Rc4 a5 {White resigns}
0-1

[Event "ICC tourney 2772 (25 5)"]
[Site "Internet Chess Club"]
[Date "2021.12.19"]
[Round "3"]
[White "BYSIEK, JULIANA RENEE:JulianaRenee"]
[Black "LI, KATE LEYI:kately"]
[Result "1-0"]
[ICCResult "Black checkmated"]
[WhiteElo "729"]
[BlackElo "417"]
[Opening "King's pawn game"]
[ECO "C50"]
[NIC "IG.03"]
[Time "14:00:56"]
[PlyCount "87"]
[TimeControl "1500+5"]

1. e4 e5 2. Nf3 Nc6 3. Bc4 d6 4. c3 Bg4 5. h3 Bxf3 6. Qxf3 Nf6 7. d3 Ne7 8.
Bg5 Ng6 9. Nd2 h6 10. Be3 Nh4 11. Qg3 Nh5 12. Qg4 g6 13. O-O-O Be7 14. Kb1
Bf6 15. g3 Ng2 16. Nf1 Bg5 17. Bd2 Qf6 18. h4 Bxd2 19. Nxd2 Qxf2 20. Rdf1
Qxd2 21. Bxf7+ Kd8 22. Bxg6 Ne3 23. Qe6 Qxd3+ 24. Ka1 Nxf1 25. a3 Qd1+ 26.
Ka2 Qd3 27. Bf5 Nf6 28. Qxf6+ Ke8 29. Qxh8+ Kf7 30. Qh7+ Kf8 31. Qxh6+ Kf7
32. Qg6+ Kf8 33. Qf6+ Kg8 34. Be6+ Kh7 35. Rxf1 Qxg3 36. Qf5+ Qg6 37. Qh3
Rg8 38. Bf5 Kh6 39. Bxg6 Rxg6 40. Qe3+ Kh5 41. Rf5+ Kxh4 42. Qf2+ Rg3 43.
Qh2+ Kg4 44. Qh5# {Black checkmated} 1-0

[Event "ICC tourney 2772 (25 5)"]
[Site "Internet Chess Club"]
[Date "2021.12.19"]
[Round "3"]
[White "PALAMARTHY, SHREYA:ShreyaP"]
[Black "YAN, RAYNA:K01-30157975"]
[Result "1-0"]
[ICCResult "Black resigns"]
[WhiteElo "741"]
[BlackElo "964"]
[Opening "Giuoco Pianissimo"]
[ECO "C50"]
[NIC "IG.02"]
[Time "14:00:15"]
[PlyCount "39"]
[TimeControl "1500+5"]

1. e4 e5 2. Nf3 Nc6 3. Bc4 Bc5 4. d3 Nf6 5. O-O O-O 6. Bg5 Be7 7. Qd2 h6 8.
Bh4 d5 9. exd5 Nxd5 10. Bg3 Bf6 11. Nc3 Nxc3 12. Qxc3 e4 13. Ne5 Nd4 14.
dxe4 Bxe5 15. Bxe5 Nc6 16. Bxg7 Re8 17. Bxh6 Ne5 18. f4 Qf6 19. Bg5 Qg6 20.
fxe5 {Black resigns} 1-0

[Event "ICC tourney 2772 (25 5)"]
[Site "Internet Chess Club"]
[Date "2021.12.19"]
[Round "3"]
[White "CHEN, WINSTON:wcsja"]
[Black "Bhowmick, Ishaan:ishu13"]
[Result "1-0"]
[ICCResult "Black checkmated"]
[WhiteElo "864"]
[BlackElo "703"]
[Opening "Giuoco Piano"]
[ECO "C53"]
[NIC "IG.02"]
[Time "14:01:02"]
[PlyCount "103"]
[TimeControl "1500+5"]

1. e4 e5 2. Nf3 Nc6 3. Bc4 Bc5 4. c3 d6 5. d3 Nf6 6. Nbd2 O-O 7. O-O Bg4 8.
h3 Bh5 9. Re1 a6 10. Nf1 b5 11. Bb3 Rb8 12. Ng3 Bg6 13. Nh4 Nd7 14. Nxg6
hxg6 15. Qg4 Nf6 16. Qxg6 d5 17. Qg5 a5 18. Nf5 g6 19. Nh6+ Kg7 20. Qg3 Rh8
21. Nf5+ Kf8 22. Bh6+ Ke8 23. Bg7 Rh7 24. Bxf6 Qxf6 25. Ne3 d4 26. Nd5 Qd6
27. Qf3 Rg7 28. Nf6+ Ke7 29. Nd5+ Ke8 30. a4 b4 31. c4 Rb7 32. Qf6 Qxf6 33.
Nxf6+ Ke7 34. Nd5+ Ke6 35. f4 exf4 36. Nxf4+ Ke5 37. Nd5 f5 38. Bd1 fxe4 39.
Rxe4+ Kd6 40. Bg4 Rh7 41. Re6+ Kd7 42. Rxg6+ Ke8 43. Nf6+ Kf7 44. Bf5 Rh8
45. Nd5 Ne5 46. Rf6+ Kg7 47. Re1 Be7 48. Re6 Rf8 49. Rxe7+ Kg8 50. R1xe5 Kh8
51. Be6 Rb6 52. Rh5# {Black checkmated} 1-0

[Event "ICC tourney 2772 (25 5)"]
[Site "Internet Chess Club"]
[Date "2021.12.19"]
[Round "3"]
[White "WU, TERRAIN:Brainstormer"]
[Black "QI, KEVIN:charmeleon16"]
[Result "1-0"]
[ICCResult "Black checkmated"]
[WhiteElo "902"]
[BlackElo "550"]
[Opening "Sicilian defense"]
[ECO "B20"]
[NIC "SI.48"]
[Time "14:00:22"]
[PlyCount "89"]
[TimeControl "1500+5"]

1. e4 c5 2. d3 Nc6 3. f4 g6 4. Nf3 Bg7 5. g3 Nf6 6. Bg2 O-O 7. O-O d6 8. Be3
Bg4 9. Nbd2 Qd7 10. Qe2 a5 11. Qf2 a4 12. a3 b5 13. Nh4 b4 14. f5 bxa3 15.
Rxa3 Qb7 16. Nc4 Bh5 17. h3 Nd7 18. c3 gxf5 19. Nxf5 Bf6 20. Nh6+ Kh8 21.
Nf5 Nde5 22. Nxe5 Nxe5 23. Qd2 e6 24. Nxd6 Qc6 25. Qf2 Bg7 26. Nc4 Nxc4 27.
dxc4 Bg6 28. Bxc5 Rfe8 29. Rd1 Bxe4 30. Rd6 Qb7 31. Rb6 Qc8 32. Bxe4 Ra5 33.
Bb4 Re5 34. Bb7 Qxc4 35. Qf1 Qxf1+ 36. Kxf1 Rf5+ 37. Kg2 Rd8 38. Rd6 Rb8 39.
Rxa4 Kg8 40. Ra8 Rxa8 41. Bxa8 Re5 42. Rd8+ Bf8 43. Bxf8 Re2+ 44. Kf3 Rxb2
45. Bh6# {Black checkmated} 1-0

[Event "ICC tourney 2772 (25 5)"]
[Site "Internet Chess Club"]
[Date "2021.12.19"]
[Round "3"]
[White "LaRose, Benjamin:benlarose"]
[Black "HARTSEL, AUGUST:augustha"]
[Result "1/2-1/2"]
[ICCResult "Game drawn by mutual agreement"]
[WhiteElo "555"]
[BlackElo "925"]
[Opening "French: exchange variation"]
[ECO "C01"]
[NIC "FR.01"]
[Time "14:00:14"]
[PlyCount "131"]
[TimeControl "1500+5"]

1. e4 e6 2. d4 d5 3. exd5 exd5 4. Qe2+ Qe7 5. Qxe7+ Bxe7 6. Bf4 c6 7. Bd3
Nf6 8. Nf3 O-O 9. Ng5 h6 10. Nf3 Re8 11. O-O Bg4 12. h3 Bxf3 13. gxf3 Nbd7
14. Nc3 Rac8 15. Bf5 Bd8 16. Be5 Ra8 17. Bxf6 Nxf6 18. Rfe1 Bb6 19. a4 Bxd4
20. Rad1 Bxc3 21. bxc3 Rad8 22. Rb1 Nh7 23. Rxe8+ Rxe8 24. Rxb7 Ng5 25. Bg4
Re1+ 26. Kg2 Rc1 27. Bf5 Ne6 28. Rb8+ Nf8 29. Ra8 g6 30. Bd3 Rb1 31. Rxa7
Ne6 32. Ra8+ Kg7 33. a5 Nc7 34. Rc8 Rb7 35. a6 Ra7 36. h4 Nxa6 37. Rxc6 Nc7
38. Rd6 Kf8 39. Rd8+ Ke7 40. Rh8 h5 41. c4 Ra3 42. cxd5 Nxd5 43. Bc4 Ra5 44.
Bxd5 Rxd5 45. c4 Rc5 46. Rg8 Rxc4 47. Rg7 Kf6 48. Rg8 Rxh4 49. Kg3 Rd4 50.
Ra8 Rd6 51. Ra7 Re6 52. Ra4 Re5 53. Ra6+ Re6 54. Ra4 Kg7 55. Ra7 Re8 56. f4
Rf8 57. f3 Kh6 58. Ra5 f6 59. f5 Kg5 60. fxg6+ Kxg6 61. Kh4 Rh8 62. Ra6 Rh6
63. f4 Kf5 64. Ra4 Rg6 65. Ra5+ Ke4 66. Ra4+ {Game drawn by mutual
agreement} 1/2-1/2

[Event "ICC tourney 2772 (25 5)"]
[Site "Internet Chess Club"]
[Date "2021.12.19"]
[Round "3"]
[White "CHU, LEON:Leonchu"]
[Black "BHARGAVA, SAARTH:bsaarth"]
[Result "0-1"]
[ICCResult "White checkmated"]
[WhiteElo "353"]
[BlackElo "952"]
[Opening "Giuoco Pianissimo: Italian four knights variation"]
[ECO "C50"]
[NIC "IG.02"]
[Time "14:00:15"]
[PlyCount "118"]
[TimeControl "1500+5"]

1. e4 e5 2. Nf3 Nc6 3. Bc4 Bc5 4. Nc3 Nf6 5. d3 h6 6. Be3 Bb6 7. O-O O-O 8.
a4 d6 9. h3 Be6 10. a5 Nxa5 11. b4 Nxc4 12. dxc4 Bxc4 13. Nd5 Bxf1 14. Nxf6+
Qxf6 15. Kxf1 Bxe3 16. fxe3 a6 17. Qd5 c6 18. Qd3 Rad8 19. c4 Rfe8 20. Kg1
d5 21. Qc2 d4 22. exd4 exd4 23. e5 Qf4 24. Rd1 Rd7 25. Qd3 b5 26. cxb5 cxb5
27. Qa3 Re6 28. Qd3 Rg6 29. Qc2 Qxf3 30. Rd2 Re7 31. Qc5 Qe3+ 32. Rf2 Rxe5
33. Qc8+ Kh7 34. Qc2 d3 35. Qd1 Rf5 36. Qd2 Qxd2 37. Rxd2 Rd5 38. g4 Re6 39.
Kf1 Re2 40. Rd1 Ra2 41. h4 Rc2 42. Ke1 d2+ 43. Ke2 Re5+ 44. Kd3 Ra2 45. Kc3
Re3+ 46. Kd4 Re1 47. Rxd2 Rxd2+ 48. Kc3 Rg2 49. Kd4 Rxg4+ 50. Kc5 Rxh4 51.
Kd6 Rd4+ 52. Kc6 g5 53. Kc5 Red1 54. Kc6 g4 55. Kc5 g3 56. Kc6 g2 57. Kc5
g1=Q 58. Kc6 Qg6+ 59. Kc5 Qd6# {White checkmated} 0-1

[Event "ICC tourney 2772 (25 5)"]
[Site "Internet Chess Club"]
[Date "2021.12.19"]
[Round "3"]
[White "BYSIEK, SYLVIA GRACE:SylviaGrace"]
[Black "SPANTZEL, HEIDI:Unblinking"]
[Result "1-0"]
[ICCResult "Black checkmated"]
[WhiteElo "743"]
[BlackElo "281"]
[Opening "Giuoco Piano"]
[ECO "C54"]
[NIC "IG.02"]
[Time "14:00:31"]
[PlyCount "75"]
[TimeControl "1500+5"]

1. e4 e5 2. Nf3 Nc6 3. Bc4 Bc5 4. c3 Nf6 5. d3 d6 6. O-O O-O 7. a4 Bd7 8. b4
d5 9. exd5 Nxb4 10. cxb4 Bxb4 11. Nxe5 Re8 12. Nf3 Bg4 13. h3 Bh5 14. Ra2
Qd6 15. Bd2 Bc5 16. Bg5 c6 17. Nc3 Bb6 18. Bxf6 gxf6 19. Ne4 Rxe4 20. dxe4
Bc7 21. g3 Bb6 22. Kh2 Re8 23. Re1 Ba5 24. Ree2 Bxf3 25. Qd3 Bxe2 26. Qxe2
cxd5 27. Bxd5 Re5 28. Qg4+ Kf8 29. Rc2 f5 30. Rc8+ Ke7 31. Qh4+ Qf6 32. Re8+
Kxe8 33. Qxf6 Bc3 34. Qxf7+ Kd8 35. Qf6+ Kd7 36. Qf7+ Re7 37. Qxf5+ Ke8 38.
Qc8# {Black checkmated} 1-0

[Event "ICC tourney 2772 (25 5)"]
[Site "Internet Chess Club"]
[Date "2021.12.19"]
[Round "3"]
[White "MUSTO, LUKE:reallopsidedhaw"]
[Black "WU, DARREN:chessboy111"]
[Result "1-0"]
[ICCResult "Black checkmated"]
[WhiteElo "962"]
[BlackElo "724"]
[Opening "Giuoco Pianissimo"]
[ECO "C50"]
[NIC "IG.02"]
[Time "14:00:16"]
[PlyCount "177"]
[TimeControl "1500+5"]

1. e4 e5 2. Nf3 Nc6 3. Bc4 Bc5 4. d3 h6 5. Nc3 Nf6 6. O-O O-O 7. Be3 Bb6 8.
Nd5 d6 9. Nxb6 axb6 10. Bb5 Bd7 11. Bxc6 Bxc6 12. Nh4 Nxe4 13. dxe4 Qxh4 14.
f3 Rad8 15. f4 Bxe4 16. fxe5 dxe5 17. Qe2 Bg6 18. Bf2 Qe7 19. Rad1 Rxd1 20.
Rxd1 e4 21. Be1 Rd8 22. Bc3 Rxd1+ 23. Qxd1 e3 24. Qd4 f6 25. Qc4+ Bf7 26.
Qe2 Bh5 27. Qxh5 e2 28. Qh4 g5 29. Qe1 Qc5+ 30. Qf2 Qe7 31. g3 Qe6 32. Kg2
g4 33. Qe1 Qe4+ 34. Kg1 Qe3+ 35. Qf2 Qc1+ 36. Kg2 Qxc2 37. h3 Qe4+ 38. Kh2
gxh3 39. Kxh3 Qe6+ 40. Kh4 Qe4+ 41. Kh5 Qh1+ 42. Kg6 Qe4+ 43. Kxf6 Qc6+ 44.
Ke5 Qe8+ 45. Kf4 Qf7+ 46. Ke3 Qe6+ 47. Kd2 Qd5+ 48. Bd4 Qg5+ 49. Qf4 Qa5+
50. Bc3 Qd5+ 51. Kxe2 Qe6+ 52. Kf2 Qf7 53. Bf6 Qg6 54. Qxc7 Qxf6+ 55. Ke3
Qe6+ 56. Kd4 Qf6+ 57. Qe5 Qf2+ 58. Kd5 Qd2+ 59. Ke6 Qd8 60. Kf5 Qf8+ 61. Kg6
Qf7+ 62. Kxh6 Qh7+ 63. Kg5 Qf7 64. b3 Kh7 65. Qf5+ Qxf5+ 66. Kxf5 Kg7 67.
Ke6 Kf8 68. Kd7 Kf7 69. Kc7 Ke7 70. Kxb7 Kd8 71. Kxb6 Kc8 72. g4 Kd7 73. g5
Ke7 74. a4 Kf7 75. a5 Kg6 76. a6 Kxg5 77. a7 Kf4 78. a8=Q Ke5 79. Qe8+ Kd4
80. Qd7+ Kc3 81. Qc6+ Kxb3 82. Qd5+ Kc2 83. Qf3 Kb1 84. Qe2 Kc1 85. Kc5 Kb1
86. Qd2 Ka1 87. Kc4 Kb1 88. Kb3 Ka1 89. Qa2# {Black checkmated} 1-0

[Event "ICC tourney 2772 (25 5)"]
[Site "Internet Chess Club"]
[Date "2021.12.19"]
[Round "3"]
[White "KUCHIBHATLA, NITYA:NityaForever"]
[Black "LIN, ARIS:ArisL"]
[Result "0-1"]
[ICCResult "White forfeits on time"]
[WhiteElo "554"]
[BlackElo "760"]
[Opening "Scandinavian: Marshall variation"]
[ECO "B01"]
[NIC "SD.03"]
[Time "14:00:13"]
[PlyCount "62"]
[TimeControl "1500+5"]

1. e4 d5 2. exd5 Nf6 3. d4 Nxd5 4. Nf3 Nc6 5. Bc4 Bg4 6. Be3 e6 7. h3 Bf5 8.
Bd3 Bd6 9. Bxf5 exf5 10. c4 Nxe3 11. fxe3 O-O 12. O-O Re8 13. Qd3 Qf6 14.
Nc3 Rad8 15. Rae1 Bg3 16. Rd1 Ne7 17. Nh2 Qg5 18. Nf3 Qh5 19. Ne2 Bd6 20.
Nf4 Bxf4 21. exf4 Ng6 22. Qd2 Re4 23. Rde1 Rde8 24. Ne5 Nxe5 25. dxe5 Rxc4
26. Rc1 Rxc1 27. Rxc1 c6 28. Rd1 h6 29. Qd7 Re6 30. Re1 g5 31. fxg5 Qxg5
{White forfeits on time}
0-1

[Event "ICC tourney 2772 (25 5)"]
[Site "Internet Chess Club"]
[Date "2021.12.19"]
[Round "4"]
[White "ALKIN, IDO:alkini"]
[Black "KOGAN, JONATHAN:jkshark"]
[Result "1-0"]
[ICCResult "Black checkmated"]
[WhiteElo "989"]
[BlackElo "519"]
[Opening "Ruy Lopez: Berlin defense, Beverwijk variation"]
[ECO "C65"]
[NIC "RL.07"]
[Time "15:30:16"]
[PlyCount "45"]
[TimeControl "1500+5"]

1. e4 e5 2. Nf3 Nc6 3. Bb5 Nf6 4. O-O Bc5 5. Bxc6 bxc6 6. Nxe5 d6 7. Nxc6
Bb7 8. Nxd8 Rxd8 9. d4 Bb6 10. Nc3 Bxe4 11. Nxe4 Nxe4 12. Re1 d5 13. f3 O-O
14. fxe4 dxe4 15. Rxe4 Rfe8 16. Rxe8+ Rxe8 17. Bf4 Re4 18. Qf3 Bxd4+ 19. Kh1
f5 20. Bxc7 Bxb2 21. Qb3+ Kh8 22. Qb8+ Re8 23. Qxe8# {Black checkmated} 1-0

[Event "ICC tourney 2772 (25 5)"]
[Site "Internet Chess Club"]
[Date "2021.12.19"]
[Round "4"]
[White "KUCHIBHATLA, ARNAV:ArnavTheGreat"]
[Black "CHU, LEON:Leonchu"]
[Result "1-0"]
[ICCResult "Black checkmated"]
[WhiteElo "866"]
[BlackElo "353"]
[Opening "Four knights: Italian variation"]
[ECO "C47"]
[NIC "KP.06"]
[Time "15:30:20"]
[PlyCount "57"]
[TimeControl "1500+5"]

1. e4 e5 2. Nf3 Nc6 3. Nc3 Nf6 4. Bc4 Bb4 5. d3 O-O 6. O-O h6 7. Be3 d6 8.
a3 Bxc3 9. bxc3 Bg4 10. h3 Bh5 11. Qe2 d5 12. exd5 Nxd5 13. Bc5 Re8 14. Bxd5
Qxd5 15. Bb4 a5 16. c4 Bxf3 17. gxf3 Qe6 18. Bc3 Qg6+ 19. Kh2 Nd4 20. Bxd4
exd4 21. Qd2 Qd6+ 22. Kg2 Re6 23. f4 Rg6+ 24. Kh2 Qc6 25. Rg1 Rxg1 26. Rxg1
Ra6 27. c3 dxc3 28. Qxc3 Qf3 29. Qxg7# {Black checkmated} 1-0

[Event "ICC tourney 2772 (25 5)"]
[Site "Internet Chess Club"]
[Date "2021.12.19"]
[Round "4"]
[White "QI, KEVIN:charmeleon16"]
[Black "PRAKASAN, NEDAS:Nedas15"]
[Result "0-1"]
[ICCResult "White checkmated"]
[WhiteElo "550"]
[BlackElo "304"]
[Opening "Ruy Lopez: Rabinovich variation"]
[ECO "C78"]
[NIC "RL.12"]
[Time "15:30:17"]
[PlyCount "28"]
[TimeControl "1500+5"]

1. e4 e5 2. Nf3 Nc6 3. Bb5 a6 4. Ba4 Nf6 5. O-O b5 6. Bb3 d6 7. Ng5 d5 8.
exd5 Nd4 9. Re1 Bc5 10. Rxe5+ Kf8 11. d3 Ng4 12. Re1 Qd6 13. a3 Qxh2+ 14.
Kf1 Qh1# {White checkmated} 0-1

[Event "ICC tourney 2772 (25 5)"]
[Site "Internet Chess Club"]
[Date "2021.12.19"]
[Round "4"]
[White "ORSZAG, JAKE SPENCER:JakeOrszag"]
[Black "MILCHEVSKIY, TIMOTHY:TimothyPM"]
[Result "0-1"]
[ICCResult "White checkmated"]
[WhiteElo "397"]
[BlackElo "714"]
[Opening "Sicilian defense"]
[ECO "B40"]
[NIC "SI.43"]
[Time "15:30:18"]
[PlyCount "90"]
[TimeControl "1500+5"]

1. e4 c5 2. Nf3 e6 3. Nc3 d5 4. exd5 exd5 5. Bd3 Nf6 6. O-O Nc6 7. Qe2+ Be7
8. Re1 O-O 9. Nb5 a6 10. Na3 c4 11. Nxc4 dxc4 12. Bxc4 b5 13. Bd3 Re8 14.
Ng5 Nd4 15. Qe3 h6 16. Ne4 Nxe4 17. Qxe4 Bf5 18. Qf4 Bg5 19. Rxe8+ Qxe8 20.
Qe5 Qxe5 21. h3 Bf4 22. Bxf5 Nxf5 23. Kf1 Qd5 24. g3 Bxd2 25. Bxd2 Qxd2 26.
Re1 Qxc2 27. Re2 Qc1+ 28. Re1 Qxb2 29. Re2 Qb1+ 30. Re1 Qxa2 31. Re2 Qc4 32.
Ke1 a5 33. Rb2 a4 34. Rb1 a3 35. Ra1 a2 36. Kd2 Qd4+ 37. Kc2 Qxa1 38. Kd2
Qb1 39. g4 a1=Q 40. gxf5 Qxf5 41. Ke3 Qae5+ 42. Kd2 Qd7+ 43. Kc2 Qc5+ 44.
Kb2 Qd2+ 45. Kb3 Qdc3# {White checkmated} 0-1

[Event "ICC tourney 2772 (25 5)"]
[Site "Internet Chess Club"]
[Date "2021.12.19"]
[Round "4"]
[White "RIVERA TORRES, SANTIAGO:barcakidny"]
[Black "KUCHIBHATLA, NITYA:NityaForever"]
[Result "0-1"]
[ICCResult "White checkmated"]
[WhiteElo "246"]
[BlackElo "554"]
[Opening "Four knights: double Ruy Lopez"]
[ECO "C49"]
[NIC "KP.03"]
[Time "15:30:17"]
[PlyCount "38"]
[TimeControl "1500+5"]

1. e4 e5 2. Nf3 Nc6 3. Nc3 Nf6 4. Bb5 Bb4 5. a3 Bxc3 6. dxc3 Nxe4 7. Bxc6
bxc6 8. Bg5 Nf6 9. O-O h6 10. Be3 O-O 11. Qd3 Re8 12. Rfd1 e4 13. Qd4 exf3
14. gxf3 d5 15. Qc5 Bh3 16. Bf4 Qd7 17. Kh1 Qf5 18. Bxc7 Qxf3+ 19. Kg1 Qg2#
{White checkmated}
0-1

[Event "ICC tourney 2772 (25 5)"]
[Site "Internet Chess Club"]
[Date "2021.12.19"]
[Round "4"]
[White "HARTSEL, AUGUST:augustha"]
[Black "LEE, PREM:PremL"]
[Result "0-1"]
[ICCResult "White checkmated"]
[WhiteElo "925"]
[BlackElo "675"]
[Opening "English opening"]
[ECO "A20"]
[NIC "EO.24"]
[Time "15:30:26"]
[PlyCount "40"]
[TimeControl "1500+5"]

1. c4 e5 2. g3 Nf6 3. Bg2 c6 4. Nc3 Qb6 5. e3 Bb4 6. Nge2 O-O 7. O-O d5 8.
cxd5 Bxc3 9. Nxc3 Bd7 10. dxc6 Bxc6 11. b3 Bxg2 12. Kxg2 Qc6+ 13. Kg1 Ne4
14. Nxe4 Qxe4 15. Bb2 Nc6 16. Rc1 Nd8 17. Qc2 Qd5 18. d4 Ne6 19. dxe5 Ng5
20. f4 Nh3# {White checkmated} 0-1

[Event "ICC tourney 2772 (25 5)"]
[Site "Internet Chess Club"]
[Date "2021.12.19"]
[Round "4"]
[White "SINGH, JIYAN:mithu542"]
[Black "Gomorev, Tim:timmygm"]
[Result "0-1"]
[ICCResult "White checkmated"]
[WhiteElo "652"]
[BlackElo "801"]
[Opening "Sicilian: dragon, Yugoslav attack, Rauser variation"]
[ECO "B76"]
[NIC "SI.17"]
[Time "15:30:23"]
[PlyCount "58"]
[TimeControl "1500+5"]

1. e4 c5 2. Nf3 d6 3. d4 cxd4 4. Nxd4 Nf6 5. Nc3 g6 6. Be3 Bg7 7. f3 O-O 8.
Qd2 Nc6 9. O-O-O Bd7 10. Kb1 a6 11. g4 b5 12. Bh6 Nxd4 13. Bxg7 Nxf3 14. Qe3
Kxg7 15. Qxf3 Bxg4 16. Qd3 Bxd1 17. Qxd1 b4 18. Ne2 Nxe4 19. Qd4+ Nf6 20.
Bg2 Rb8 21. Qc4 Qb6 22. Nd4 Qc5 23. Qd3 Ng4 24. Qd2 e5 25. Nb3 Qf2 26. Qd5
Ne3 27. Qxd6 Qxc2+ 28. Ka1 Nc4 29. Qd1 Qxb2# {White checkmated} 0-1